 Dungeon Crawl Stone Soup version 0.21.0-3-g78d12a8 (webtiles) character file.

499 letownia2 the Magician (level 7, 35/35 HPs)
             Began as a Vine Stalker Wizard on Jan 13, 2018.
             Quit the game on level 5 of the Dungeon.
             The game lasted 00:10:13 (3093 turns).

letownia2 the Magician (Vine Stalker Wizard)        Turns: 3093, Time: 00:10:13

Health: 35/35      AC:  4    Str: 11    XL:     7   Next: 16%
Magic:  14/14      EV: 11    Int: 18    God:
Gold:   217        SH:  0    Dex: 13    Spells: 5/14 levels left

rFire    . . .     SeeInvis .   l - +0 dagger
rCold    . . .     Gourm    .   (no shield)
rNeg     . . .     Faith    .   m - +0 leather armour
rPois    .         Spirit   +   b - +0 hat
rElec    .         Reflect  .   (no cloak)
rCorr    .         Harm     .   k - +0 pair of gloves
MR       .....                  (no boots)
Stlth    ++........             (no amulet)
HPRegen  0.51/turn              w - ring of flight
MPRegen  0.14/turn              (no ring)

@: no status effects
A: fangs 2, regeneration 1, magic shield, antimagic bite, no potion heal 3, rot
immunity
a: Evoke Flight


You were on level 5 of the Dungeon.
You were hungry.

You visited 1 branch of the dungeon, and saw 5 of its levels.
You also visited: Ossuary.

You collected 217 gold pieces.

Inventory:

Hand Weapons
 l - a +0 dagger (weapon)
Missiles
 n - 3 javelins (quivered)
Armour
 a - a +0 robe
 b - a +0 hat (worn)
 k - a +0 pair of gloves (worn)
 m - a +0 leather armour (worn)
 y - a +0 ring mail
Jewellery
 w - a ring of flight (left hand)
Wands
 v - a wand of disintegration (11)
Scrolls
 e - 3 scrolls of fog {unknown}
 g - 5 scrolls of identify {unknown}
 p - 2 scrolls of blinking {unknown}
 q - 3 scrolls of teleportation {unknown}
 r - 2 scrolls of magic mapping {unknown}
 t - 2 scrolls of immolation {unknown}
Potions
 f - a potion of berserk rage {unknown}
 h - 3 potions of degeneration {unknown}
 j - 2 potions of curing {unknown}
 o - a potion of might {unknown}
 s - a potion of flight {unknown}
 u - a potion of heal wounds {unknown}
 z - a potion of ambrosia {unknown}
Books
 c - a book of Minor Magic

   Spells                             Type                      Level
   a - Magic Dart                     Conjuration                  1
   b - Blink                          Translocation                2
   c - Call Imp                       Summoning                    2
   d - Slow                           Hexes                        2
   e - Conjure Flame                  Conjuration/Fire             3
   f - Mephitic Cloud                 Conjuration/Poison/Air       3
Comestibles
 d - 4 rations


   Skills:
 - Level 2.0 Fighting
 - Level 1.3 Armour
 - Level 1.5 Dodging
 - Level 2.4 Stealth
 + Level 4.3 Spellcasting
 - Level 4.0 Conjurations
   Level 1.0 Summonings
 - Level 1.0 Translocations
 - Level 2.1 Fire Magic
 - Level 2.1 Air Magic
 - Level 2.0 Poison Magic


You had 5 spell levels left.
You knew the following spells:

 Your Spells              Type           Power        Failure   Level  Hunger
a - Magic Dart            Conj           ###.         3%          1    None
b - Blink                 Tloc           N/A          19%         2    ##.....
c - Conjure Flame         Conj/Fire      ###.....     16%         3    ###....
e - Mephitic Cloud        Conj/Pois/Air  ##......     19%         3    ###....


Dungeon Overview and Level Annotations

Branches:
Dungeon (5/15)
 Temple: D:4-7

Altars:
Okawaru
Wu Jian

Annotations:
D:5 exclusion: ice beast, Pikel


Innate Abilities, Weirdness & Mutations

You have extremely sharp teeth.
Your natural rate of healing is unusually fast.
When hurt, damage is shared between your health and your magic reserves.
Your bite disrupts and absorbs the magic of your enemies.
Potions cannot restore your health.
You are immune to rotting.


Message History

Casting: Magic Dart
Confirm with . or Enter, or press ? or * to list all spells.
You can't see any susceptible monsters within range! (Use Z to cast anyway.)
You now have 217 gold pieces (gained 16).
Found a stone staircase leading up.
There is an open door here.
There is an open door here.
The slave is too close now for your liking.
Put on which piece of jewellery? (? for menu, Esc to quit)
Okay, then.
Wear which item? (? for menu, Esc to quit)
Okay, then.
As you read the scroll labeled KODEASCHYEST, it crumbles to dust.
You hear a loud clanging noise!
It was a scroll of noise.
You hear a shout! x2
As you read the scroll labeled GUV YFOASKOSS, it crumbles to dust.
You assume a fearsome visage.
The slave looks frightened!
It was a scroll of fear.
Are you sure you want to abandon this character and quit the game? (Confirm with "yes".)

#.# #.# #.# # ##.## #.# #.#
# ##...## ##.## #<# #
##.....#######...## #.# #
##.................##### #.#
#
#.........####.........###.#
#
#..........###.#.###)).....#
#...........##.#.###.#(#####
##........#.....@....#)#
##............#.#####.#
##...#########.# #.#
###.......# #.#####.#
#.#####.# #.......# #.# #.#
#..#.#### #.# ###.###p.#.#
#.# #..........# #.#
#.#.###....#


You could see a slave (fleeing).

Vanquished Creatures
  A phantom (D:5)
  An ogre (D:5)
  A quasit (D:5)
  A worker ant (D:4)
  6 big kobold zombies (Ossuary)
  A mummy (Ossuary)
  3 gnolls
  6 adders
  A shadow imp (D:5)
  2 leopard geckos (D:5)
  4 orcs (D:5)
  A spectral bat (Ossuary)
  3 bats
  A giant cockroach (D:3)
  5 gnoll zombies (Ossuary)
  3 hobgoblins
  9 jackals
  2 kobolds
  A quokka (D:5)
  2 ball pythons
  6 bat simulacra (Ossuary)
  2 frilled lizards (D:3)
  A goblin simulacrum (Ossuary)
  4 goblin zombies (Ossuary)
  6 hobgoblin zombies (Ossuary)
  2 kobold simulacra (Ossuary)
  2 kobold zombies (Ossuary)
  4 orc zombies (Ossuary)
  2 quokka zombies (D:5)
  2 rats
  2 rat simulacra (Ossuary)
  3 spectral goblins (Ossuary)
  3 spectral kobolds (Ossuary)
  7 spectral rats (Ossuary)
100 creatures vanquished.

Vanquished Creatures (others)
  A big kobold zombie (Ossuary)
  2 orc zombies (Ossuary)
3 creatures vanquished.

Grand Total: 103 creatures vanquished

Notes
Turn   | Place    | Note
-------+----------+-------------------------------------------
     0 | D:1      | letownia2 the Vine Stalker Wizard began the quest for the Orb.
     0 | D:1      | Reached XP level 1. HP: 9/9 MP: 5/5
   314 | D:2      | Found an iron altar of Okawaru.
   343 | D:1      | Reached XP level 2. HP: 7/13 MP: 1/7
   633 | D:2      | Reached XP level 3. HP: 13/16 MP: 1/8
   803 | D:2      | Learned a level 3 spell: Mephitic Cloud
   807 | D:2      | Learned a level 3 spell: Conjure Flame
  1192 | D:3      | Gained mutation: Your natural rate of healing is unusually fast. [Vine Stalker growth]
  1192 | D:3      | Reached XP level 4. HP: 12/21 MP: 4/9
  1211 | D:3      | Reached skill level 1 in Fire Magic
  1266 | D:4      | Found a sand-covered staircase.
  1312 | D:4      | Reached skill level 1 in Armour
  1475 | Ossuary  | Entered an ossuary
  1544 | Ossuary  | Reached XP level 5. HP: 23/24 MP: 10/10
  1763 | Ossuary  | Reached skill level 1 in Fighting
  1763 | Ossuary  | Reached skill level 1 in Air Magic
  1827 | Ossuary  | Reached skill level 1 in Poison Magic
  1910 | Ossuary  | Reached XP level 6. HP: 25/30 MP: 8/11
  1914 | Ossuary  | Learned a level 2 spell: Blink
  2067 | D:4      | Found an ornate altar of the Wu Jian Council.
  2234 | D:5      | Entered Level 5 of the Dungeon
  2445 | D:5      | Noticed a slave
  2445 | D:5      | Noticed a slave
  2445 | D:5      | Noticed a slave
  2445 | D:5      | Noticed Pikel
  2641 | D:5      | Noticed a phantom
  2750 | D:5      | Killed a phantom
  2750 | D:5      | Reached XP level 7. HP: 29/35 MP: 2/14
  3093 | D:5      | Quit the game

Skill      XL: |  1  2  3  4  5  6 |
---------------+-------------------+-----
Conjurations   | 2 3 4 |  4.0
Fire Magic     | 1 2 |  2.1
Armour         | 1 |  1.3
Fighting       | 1 2 |  2.0
Air Magic      | 1 2 |  2.1
Poison Magic   | 1 2 |  2.0
Spellcasting   | 4 |  4.3
Dodging        | |  1.5
Stealth        | |  2.4
Summonings     | |  1.0
Translocations | |  1.0

Action                   |  1- 3 |  4- 6 |  7- 9 || total
-------------------------+-------+-------+-------++-------
Melee: Unarmed           |    24 |       |       ||    24
       Dagger            |     2 |   173 |       ||   175
       Bite              |     2 |    42 |       ||    44
Throw: Javelin           |     1 |    15 |       ||    16
 Cast: Magic Dart        |    62 |    69 |    17 ||   148
       Mephitic Cloud    |     1 |     5 |       ||     6
       Conjure Flame     |       |    10 |       ||    10
       Blink             |       |     2 |       ||     2
  Use: Scroll            |       |       |     2 ||     2
 Stab: Confused          |       |     2 |       ||     2
       Sleeping          |       |     1 |       ||     1
  Eat: Chunk             |     1 |     4 |       ||     5
       Ration            |       |     1 |       ||     1
Armor: Robe              |    12 |       |       ||    12
       Leather armour    |       |    59 |       ||    59
Dodge: Dodged            |    46 |   101 |     2 ||   149
